 Dungeon Crawl Stone Soup version 0.32-a0-834-geaf45d8e21 (webtiles) character file.

Game seed: 14431542586057408958

16186 Fodor the Blocker (level 12, -22/106 HPs)
             Began as a Minotaur Fighter on Mar 25, 2024.
             Was an Initiate of Gozag.
             Killed from afar by a lindwurm (34 damage)
             ... with a blast of flame
             ... on level 2 of the Lair of Beasts.
             The game lasted 00:29:32 (11022 turns).

Fodor the Blocker (Minotaur Fighter)               Turns: 11022, Time: 00:29:33

Health: -22/106    AC: 21    Str: 26    XL:     12   Next: 7%
Magic:  11/11      EV:  8    Int:  5    God:    Gozag
Gold:   2244       SH: 16    Dex: 10    Spells: 11/11 levels left

rFire   . . .        L - +4 morningstar (freeze)
rCold   + . .        F - +0 tower shield
rNeg    . . .        b - +1 chain mail
rPois   +            (helmet restricted)
rElec   .            (no cloak)
rCorr   .            g - +0 pair of gloves
SInv    .            m - +2 pair of boots
Will    .....        (no amulet) Stlth
                     O - ring of poison resistance
HPRegen 0.37/turn    I - +4 ring of protection
MPRegen 0.12/turn

%: no passive effects
@: gold aura
A: horns 2, retaliatory headbutt, cold resistance 1, MP-powered wands
a: Renounce Religion, Potion Petition, Call Merchant, Bribe Branch


You were on level 2 of the Lair of Beasts.
You worshipped Gozag.
Gozag was most pleased with you.
You visited 2 branches of the dungeon, and saw 11 of its levels.

You collected 2287 gold pieces.
You paid 43 gold pieces to Gozag.

Inventory:

Hand Weapons
 K - a +0 shortbow
 L - a +4 morningstar of freezing (weapon)
Missiles
 M - 6 boomerangs (quivered)
Armour
 b - a +1 chain mail (worn)
 g - a +0 pair of gloves (worn)
 m - a +2 pair of boots (worn)
 F - a +0 tower shield (worn)
Jewellery
 x - an amulet of the acrobat
 I - a +4 ring of protection (right hand)
 O - a ring of poison resistance (left hand)
Talismans
 s - a serpent talisman
 E - a maw talisman
Wands
 a - a wand of mindburst (15)
 v - a wand of iceblast (12)
 N - a wand of quicksilver (7)
Scrolls
 e - 3 scrolls of fog
 f - 4 scrolls of noise
 k - 2 scrolls of fear {unknown}
 p - 5 scrolls of amnesia
 r - a scroll of vulnerability
 t - a scroll of enchant armour
 u - 2 scrolls of enchant weapon
 y - 3 scrolls of immolation
 C - 2 scrolls of torment
 G - a scroll of silence
 J - a scroll of blinking
Potions
 c - a potion of resistance {unknown}
 d - 3 potions of might
 h - a potion of magic {unknown}
 i - 3 potions of invisibility {unknown}
 j - 2 potions of mutation
 l - 3 potions of curing
 n - a potion of degeneration {unknown}
 o - 4 potions of heal wounds {unknown}
 q - a potion of cancellation {unknown}
 w - a potion of attraction {unknown}
 z - a potion of brilliance {unknown}
 A - 2 potions of enlightenment {unknown}
 B - a potion of haste {unknown}
 D - a potion of lignification {unknown}
Miscellaneous
 H - a phial of floods


   Skills:
 + Level 9.8 Fighting
 + Level 11.0(12.6) Axes
 + Level 10.0(12.1) Maces & Flails
 + Level 1.0 Throwing
 + Level 10.8 Armour
 + Level 4.9 Dodging
 + Level 1.6 Stealth
 + Level 11.8 Shields
 + Level 0.2 Evocations


You had 11 spell levels left.
You didn't know any spells.
Your spell library contained the following spells:

 Spells                   Type           Power      Damage    Failure   Level
 Shock                    Conj/Air       0%         1d3       99%         1
 Summon Small Mammal      Summ           0%         N/A       99%         1
 Scorch                   Fire           0%         2d5       100%        2
 Swiftness                Air            0%         N/A       100%        3
 Airstrike                Air            0%         2d(0-16)  100%        4
 Flame Wave               Conj/Fire      0%         2d4       100%        4
 Iskenderun's Battlesphe  Conj           0%         2d6       100%        5
 Bombard                  Conj/Erth      0%         9d1       100%        6
 Summon Cactus Giant      Summ           0%         N/A       100%        6
 Spellforged Servitor     Conj/Summ      0%         N/A       100%        7


Dungeon Overview and Level Annotations

Branches:
Dungeon (8/15)             Temple (0/1) D:6            Lair (3/5) D:8
 Shoals (0/4) Lair:2        Snake (0/4) Lair:3

Altars:
Ashenzari
Dithmenos
Elyvilon
Fedhas
Gozag
Kikubaaqudgha
Makhleb
Ru
Sif Muna
Uskayaw
Vehumet
Wu Jian
Xom
Yredelemnul
Zin

Shops:
D:3 *


Innate Abilities, Weirdness & Mutations

You have a pair of horns on your head.
You reflexively headbutt those who attack you in melee.
Your flesh is cold resistant. (rC+)
You expend magic power (3 MP) to strengthen your wands.


Message History

The yak completely misses you. You block the water moccasin's attack.
The yak gores you but does no damage.
You impale the water moccasin!! You freeze the water moccasin.
You headbutt the water moccasin.
You kill the water moccasin!
The harpy claws you but does no damage. You block the harpy's attack.
The yak is distracted by your dazzling golden aura.
You block the lindwurm's attack.
The lindwurm claws you but does no damage.
You block the lindwurm's attack. The yak gores you but does no damage.
The yak bellows!
You block the lindwurm's attack. x3; You block the yak's attack.
There is a stone staircase leading down, spattered with blood here.
You see here 7 gold pieces.
Unknown command.
The harpy claws you!
* * * LOW HITPOINT WARNING * * *
You block the harpy's attack.
The harpy is distracted by your dazzling golden aura.
The lindwurm barely misses you.
The lindwurm claws you but does no damage.
You block the lindwurm's attack. You block the yak's attack.
You climb downwards.
There is a stone staircase leading up here.
You can't go down here!
The yak is distracted by your dazzling golden aura.
The lindwurm barely misses you. You block the lindwurm's attack.
The lindwurm claws you but does no damage.
The yak bellows!
The harpy screeches!
You climb upwards.
There is a stone staircase leading down, spattered with blood here.
You see here 7 gold pieces.
You barely miss the lindwurm.
The lindwurm is moderately wounded.
The yak is no longer distracted by gold. x2
You block the yak's attack. The yak gores you but does no damage.
The lindwurm breathes flames at you. The blast of flame hits you!!
You die...
Your body crumbles into a pile of gold.

..~... ~~~~~~
~#.#~~######
~.>.~....#.#
~#.#~......#
~~~~~......#
~.~~...Y.Y.#
......$.@k.#
............<.).
...(.......##.#.
...........#
#.#....###.# #
#.#.. ## ###..
### ... P.###


You could see a lindwurm (catching breath) and 2 yaks.

Vanquished Creatures
  Josephine (Lair:3)
  A harpy (Lair:2)
  An elephant (Lair:2)
  8 cane toads
  A rime drake (Lair:3)
  Jeremiah (D:6)
  3 komodo dragons
  A polar bear (Lair:1)
  5 blink frogs (Lair:3)
  3 wraiths (Lair:3)
  19 yaks
  3 wyverns
  4 basilisks
  2 steam dragons
  Edmund (D:4)
  Menkaure (D:5)
  5 nagas (Lair:3)
  12 water moccasins
  3 black bears
  5 sky beasts
  An ice beast (D:6)
  An ogre (D:6)
  2 centaurs
  A phantom (D:6)
  3 kobold brigands
  6 bullfrogs
  A gnoll sergeant (D:7)
  3 scorpions
  6 wights (D:8)
  6 killer bees (D:7)
  2 hounds
  2 gnoll boudas
  4 jellies
  An orc priest (D:8)
  3 sleepcaps
  5 iguanas
  9 orc wizards
  10 adders
  14 gnolls
  6 ribbon worms
  2 dart slugs (D:4)
  26 orcs
  5 ball pythons
  5 bats
  7 endoplasms
  6 giant cockroaches
  8 goblins
  4 hobgoblins
  8 jackals
  2 quokkas
  8 frilled lizards
  20 kobolds
  10 rats
277 creatures vanquished.

Notes
Turn   | Place    | Note
-------+----------+-------------------------------------------
     0 | D:1      | Fodor the Minotaur Fighter began the quest for the Orb.
     0 | D:1      | Reached XP level 1. HP: 19/19 MP: 0/0
    72 | D:1      | Found a faded altar of an unknown god.
   124 | D:1      | Reached XP level 2. HP: 21/26 MP: 1/1
   445 | D:1      | Reached XP level 3. HP: 33/33 MP: 2/2
  1140 | D:2      | Reached XP level 4. HP: 39/40 MP: 3/3
  1536 | D:2      | Found a burning altar of Makhleb.
  1632 | D:3      | Found an opulent altar of Gozag.
  1636 | D:3      | Found Gozag's Platinum Reserve.
  1641 | D:3      | Became a worshipper of Gozag Ym Sagoz the Greedy
  1670 | D:3      | Found a broken altar of Ashenzari.
  1681 | D:3      | Reached skill level 1 in Dodging
  1681 | D:3      | Reached XP level 5. HP: 36/46 MP: 4/4
  2366 | D:4      | Noticed Edmund
  2376 | D:4      | Killed Edmund
  2377 | D:4      | Reached skill level 5 in Axes
  2377 | D:4      | Reached skill level 5 in Armour
  2377 | D:4      | Reached XP level 6. HP: 49/53 MP: 5/5
  3105 | D:5      | Entered Level 5 of the Dungeon
  3252 | D:5      | Noticed Menkaure
  3256 | D:5      | Killed Menkaure
  3257 | D:5      | Reached skill level 5 in Fighting
  3257 | D:5      | Reached XP level 7. HP: 61/61 MP: 6/6
  3347 | D:5      | Found an ancient bone altar of Kikubaaqudgha.
  3362 | D:5      | Found a radiant altar of Vehumet.
  3364 | D:5      | Reached skill level 5 in Shields
  3490 | D:5      | Found a shimmering blue altar of Sif Muna.
  3494 | D:5      | Got Sif Muna's Codex of Support
  4502 | D:6      | Found a staircase to the Ecumenical Temple.
  4518 | D:6      | Reached XP level 8. HP: 70/70 MP: 7/7
  4787 | D:6      | Reached skill level 1 in Stealth
  5007 | D:6      | Noticed Jeremiah
  5222 | D:6      | Killed Jeremiah
  5223 | D:6      | Reached XP level 9. HP: 61/74 MP: 8/8
  5642 | D:7      | Found a basalt altar of Yredelemnul.
  5672 | D:7      | Reached skill level 10 in Axes
  6048 | D:7      | Found a white marble altar of Elyvilon.
  6449 | D:7      | Found a hide-covered altar of Uskayaw.
  6451 | D:7      | Found an ornate altar of the Wu Jian Council.
  6451 | D:7      | Found a sacrificial altar of Ru.
  6455 | D:7      | Found a glowing silver altar of Zin.
  6456 | D:7      | Found a shimmering altar of Xom.
  6522 | D:7      | Found a shadowy altar of Dithmenos.
  6531 | D:7      | Found a blossoming altar of Fedhas.
  6585 | D:7      | Gained mutation: You expend magic power (3 MP) to
                  | strengthen your wands. [potion of mutation]
  6585 | D:7      | Gained mutation: Your flesh is cold resistant. (rC+)
                  | [potion of mutation]
  6585 | D:7      | HP: 2/79 [poisoned by a killer bee]
  7480 | D:8      | Reached skill level 1 in Maces & Flails
  7480 | D:8      | Reached XP level 10. HP: 88/88 MP: 9/9
  7577 | D:8      | Found a staircase to the Lair.
  7896 | Lair:1   | Entered Level 1 of the Lair of Beasts
  7925 | Lair:1   | Noticed a cane toad
  7925 | Lair:1   | Noticed a cane toad
  7947 | Lair:1   | Killed a cane toad
  7954 | Lair:1   | Killed a cane toad
  8205 | Lair:1   | Reached skill level 5 in Maces & Flails
  8374 | Lair:1   | Noticed a cane toad
  8386 | Lair:1   | Killed a cane toad
  8681 | Lair:1   | Noticed a cane toad
  8696 | Lair:1   | Killed a cane toad
  8697 | Lair:1   | Reached skill level 10 in Shields
  8697 | Lair:1   | Reached XP level 11. HP: 95/95 MP: 10/10
  9311 | Lair:2   | Noticed a seven-headed hydra
  9613 | Lair:3   | Reached skill level 10 in Armour
  9717 | Lair:3   | Found a staircase to the Snake Pit.
  9908 | Lair:3   | Reached skill level 1 in Throwing
 10532 | Lair:3   | Noticed Josephine
 10544 | Lair:3   | Killed Josephine
 10545 | Lair:3   | Reached XP level 12. HP: 72/106 MP: 11/11
 11001 | Lair:2   | Found a staircase to the Shoals.
 11011 | Lair:2   | Reached skill level 10 in Maces & Flails
 11022 | Lair:2   | Killed from afar by a lindwurm

Illustrated notes

Levels and vault maps discovered:
D:1:      wheals_arrival_shading, layout_basic,
          shapermc_ecumenical_altar_flowoftime, st_stairs_11
D:2:      layout_rooms, basic_altar, minmay_pentomino_p2
D:3:      layout_basic, ashenzari_conservatory_becter,
          nicolae_gozag_zags_fifth_avenue
D:4:      layout_loops_ring, bh_walls_and_bars, uniq_edmund
D:5:      layout_loops_corners, palyth_temple_overflow_mages,
          corexii_corridor_pit, lexackson_kobold_supper, uniq_menkaure
D:6:      layout_loops_ring, minmay_temple_entry_junction, uniq_jeremiah
D:7:      layout_basic, mainiacjoe_overflow_24_doors,
          mainiacjoe_overflow_surrounded_room, minitemple,
          mainiacjoe_overflow_swirl, hangedman_abyss_or_decor_stabs
D:8:      layout_basic, erik_lair_dragon, minmay_misc_feat_more_columns
Lair:1:   layout_gridlike, lemuel_fruit_fields
Lair:2:   layout_roguey, nicolae_shoals_entry_roost, lemuel_fruit_fields,
          serial_bayou_shore_b
Lair:3:   layout_chaotic_city, minmay_snake_entry_guardpost_large,
          beast_lair_carwin_7, uniq_josephine

Skill      XL: |  1  2  3  4  5  6  7  8  9 10 11 12 |
---------------+-------------------------------------+-----
Armour         | 4 5 6 7 8 9 10 | 10.8
Shields        | 4 5 6 8 10 11 | 11.8
Fighting       | 4 5 6 7 8 9 |  9.8
Axes           | 3 4 5 6 7 9 10 11 | 11.0
Dodging        | 1 2 3 4 |  4.9
Stealth        | 1 |  1.6
Maces & Flails | 1 7 9 10 | 10.0
Throwing       | 1 |  1.0
Evocations     | |  0.2

Action                     |  1- 3 |  4- 6 |  7- 9 | 10-12 || total
---------------------------+-------+-------+-------+-------++-------
  Melee: War axe           |    75 |   156 |   358 |       ||   589
         Headbutt          |     5 |    17 |    68 |    66 ||   156
         Morningstar       |       |       |    19 |   266 ||   285
  Throw: Boomerang         |       |       |       |     7 ||     7
  Evoke: Wand              |       |       |     2 |       ||     2
    Use: Potion            |       |       |     2 |     3 ||     5
         Scroll            |       |       |       |    14 ||    14
   Stab: Distracted        |       |       |     1 |     1 ||     2
 Armour: Scale mail        |    79 |    43 |       |       ||   122
         Chain mail        |       |    78 |   345 |   307 ||   730
  Dodge: Dodged            |    47 |    64 |    96 |    99 ||   306
  Block: Buckler           |    17 |    53 |    14 |       ||    84
         Tower shield      |       |       |   273 |   376 ||   649

Table legend: (Time is in decaauts)
 A = Elapsed time spent in this place.
 B = Non-inter-level travel time spent in this place.
 C = Inter-level travel time spent in this place.
 D = Time resting spent in this place.
 E = Time spent auto-exploring this place.
 F = Levels seen in this place.
 G = Mean time per level.
                   A        B        C        D        E       F      G
               +--------+--------+--------+--------+--------+-----+--------+
         Total |  11244 |  10950 |    294 |    906 |   6568 |  11 | 1022.2 |
       Dungeon |   8072 |   7778 |    294 |    141 |   5077 |   8 | 1009.0 |
          Lair |   3172 |   3172 |      0 |    765 |   1491 |   3 | 1057.3 |
               +--------+--------+--------+--------+--------+-----+--------+

Top non-repeatable levels by time:
  Lair:3: 1707 daAuts
     D:7: 1482 daAuts
     D:5: 1382 daAuts
  Lair:1: 1338 daAuts
     D:6: 1170 daAuts
     D:1: 1069 daAuts
     D:8: 859 daAuts
     D:4: 794 daAuts
     D:3: 758 daAuts
     D:2: 555 daAuts
  Lair:2: 126 daAuts
